 Dungeon Crawl Stone Soup version 0.23.0 (webtiles) character file.

Game seed: 5204435843331295660

87 wolfsongas the Protected (level 4, -1/39 HPs)
             Began as a Gnoll Wanderer on Feb 17, 2019.
             Slain by an orc priest
             ... wielding a +0 falchion
              (4 damage)
             ... on level 2 of the Dungeon.
             The game lasted 00:03:56 (1394 turns).

wolfsongas the Protected (Gnoll Wanderer)           Turns: 1394, Time: 00:03:57

Health: -1/39      AC: 10    Str: 15 (16) XL:     4   Next: 51%
Magic:  6/6        EV: 11    Int: 16      God:
Gold:   102        SH:  0    Dex: 12      Spells: 5/5 levels left

rFire    . . .     SeeInvis .   a - +2 dagger
rCold    . . .     Gourm    .   (no shield)
rNeg     . . .     Faith    .   e - +0 ring mail
rPois    .         Spirit   .   l - +1 hat
rElec    .         Reflect  .   (no cloak)
rCorr    .         Harm     .   (no gloves)
MR       .....                  (no boots)
Stlth    +.........             (no amulet)
HPRegen  0.13/turn              (no ring)
MPRegen  0.10/turn              (no ring)

@: no status effects
A: distributed training, fangs 1, talons 1, rugged brown scales 1, slimy green
scales 1, deterioration 1, strong nose
a: no special abilities


You were on level 2 of the Dungeon.
You were not hungry.

You visited 1 branch of the dungeon, and saw 2 of its levels.

You collected 102 gold pieces.

Inventory:

Hand Weapons
 a - a +2 dagger (weapon)
 c - a +0 hand crossbow
Missiles
 d - 30 bolts
Armour
 e - a +0 ring mail (worn)
 l - a +1 hat (worn)
Scrolls
 i - a scroll of fear {unknown}
 j - a scroll of magic mapping
 n - a scroll of enchant weapon {unknown}
Potions
 b - a potion of haste
 h - 2 potions of might
 k - a potion of berserk rage
Comestibles
 f - 6 rations


   Skills:
 + Level 4.6 Fighting
 + Level 1.1 Short Blades
 + Level 1.1 Long Blades
 + Level 1.1 Axes
 + Level 1.1 Maces & Flails
 + Level 1.1 Polearms
 + Level 1.1 Staves
 + Level 1.1 Slings
 + Level 1.1 Bows
 + Level 4.6 Crossbows
 + Level 1.1 Throwing
 + Level 8.5 Armour
 + Level 1.1 Dodging
 + Level 2.5 Stealth
 + Level 1.1 Shields
 + Level 1.1 Unarmed Combat
 + Level 1.1 Spellcasting
 + Level 0.9 Conjurations
 + Level 0.9 Hexes
 + Level 0.9 Charms
 + Level 0.9 Summonings
 + Level 0.9 Necromancy
 + Level 0.9 Translocations
 + Level 0.9 Transmutations
 + Level 0.9 Fire Magic
 + Level 0.9 Ice Magic
 + Level 0.9 Air Magic
 + Level 0.9 Earth Magic
 + Level 0.9 Poison Magic
 + Level 1.2 Invocations
 + Level 2.7 Evocations


You had 5 spell levels left.
You didn't know any spells.
Your spell library was empty.

Dungeon Overview and Level Annotations

Branches:
Dungeon (2/15)

Altars:


Innate Abilities, Weirdness & Mutations

Your experience applies equally to all skills.
You have very sharp teeth.
Your uncanny sense of smell can sniff out nearby items.
You have sharp toenails.
You are partially covered in rugged brown scales. (AC +1, +3% HP)
You are partially covered in slimy green scales. (AC +2)
Your body sometimes deteriorates upon taking damage.


Message History

The slug dart hits you but does no damage.
You hit the dart slug.
You kill the dart slug!
You see here a dart slug corpse.
An orc priest comes into view. It is wielding a +0 falchion.
The orc priest calls down the wrath of Beogh upon you.
Beogh smites you!
You see here a +1 dagger of holy wrath.
The orc priest calls down the wrath of Beogh upon you.
Beogh smites you!
* * * LOW HITPOINT WARNING * * *
You closely miss the orc priest. The orc priest barely misses you.
You hit the orc priest but do no damage.
Your kick misses the orc priest. Your bite misses the orc priest.
The orc priest closely misses you.
You hit the orc priest but do no damage.
You claw the orc priest. Your bite misses the orc priest.
The orc priest is lightly wounded.
The orc priest hits you with a +0 falchion.
You die...

#.#.#####.#......#
#####.#...##.#
#.......†.# # #.###.#.#.#
.. #.........#
.#.#.##.##.###
.........#.#
##.#.##o##.#######
.......@†.........
###.#...)......##########
.. #(#.###.............#
# #.#. ####.##..#.##.#
#.#.#####......#.##.#
........†....##.##.#
###....).########.#
#.##.#.# #.# #....#.# #.#


You could see an orc priest.

Vanquished Creatures
  An orc priest (D:2)
  An adder (D:2)
  A worm (D:2)
  A dart slug (D:2)
  3 leopard geckos (D:1)
  2 orcs (D:2)
  4 goblins
  4 hobgoblins
  5 jackals (D:1)
  7 kobolds
  5 bats
  A frilled lizard (D:1)
  3 rats
  2 plants (D:1)
40 creatures vanquished.

Notes
Turn   | Place    | Note
-------+----------+-------------------------------------------
     0 | D:1      | wolfsongas the Gnoll Wanderer began the quest for the Orb.
     0 | D:1      | wolfsongas set off with the following items: a +2 dagger, a
                  | potion of haste, a +0 hand crossbow, 30 bolts, a +0 ring
                  | mail, a ration
     0 | D:1      | Reached XP level 1. HP: 20/20 MP: 2/2
   233 | D:1      | Reached XP level 2. HP: 14/26 MP: 3/3
   813 | D:1      | Reached XP level 3. HP: 31/31 MP: 4/4
  1181 | D:2      | Gained mutation: You are partially covered in rugged brown
                  | scales. (AC +1, +3% HP) [potion of mutation]
  1181 | D:2      | Gained mutation: Your body sometimes deteriorates upon
                  | taking damage. [potion of mutation]
  1181 | D:2      | Gained mutation: You have sharp toenails. [potion of
                  | mutation]
  1181 | D:2      | Gained mutation: You are partially covered in slimy green
                  | scales. (AC +2) [potion of mutation]
  1237 | D:2      | Reached skill level 1 in Invocations
  1351 | D:2      | Reached skill level 1 in Short Blades
  1351 | D:2      | Reached skill level 1 in Long Blades
  1351 | D:2      | Reached skill level 1 in Axes
  1351 | D:2      | Reached skill level 1 in Maces & Flails
  1351 | D:2      | Reached skill level 1 in Polearms
  1351 | D:2      | Reached skill level 1 in Staves
  1351 | D:2      | Reached skill level 1 in Slings
  1351 | D:2      | Reached skill level 1 in Bows
  1351 | D:2      | Reached skill level 1 in Throwing
  1351 | D:2      | Reached skill level 1 in Dodging
  1351 | D:2      | Reached skill level 1 in Shields
  1351 | D:2      | Reached skill level 1 in Unarmed Combat
  1351 | D:2      | Reached skill level 1 in Spellcasting
  1363 | D:2      | Reached XP level 4. HP: 26/39 MP: 6/6
  1394 | D:2      | Slain by an orc priest

Skill      XL: |  1  2  3 |
---------------+----------+-----
Invocations    | 1 |  1.2
Short Blades   | 1 |  1.1
Long Blades    | 1 |  1.1
Axes           | 1 |  1.1
Maces & Flails | 1 |  1.1
Polearms       | 1 |  1.1
Staves         | 1 |  1.1
Slings         | 1 |  1.1
Bows           | 1 |  1.1
Throwing       | 1 |  1.1
Dodging        | 1 |  1.1
Shields        | 1 |  1.1
Unarmed Combat | 1 |  1.1
Spellcasting   | 1 |  1.1
Fighting       | |  4.6
Crossbows      | |  4.6
Armour         | |  8.5
Stealth        | |  2.5
Conjurations   | |  0.9
Hexes          | |  0.9
Charms         | |  0.9
Summonings     | |  0.9
Necromancy     | |  0.9
Translocations | |  0.9
Transmutations | |  0.9
Fire Magic     | |  0.9
Ice Magic      | |  0.9
Air Magic      | |  0.9
Earth Magic    | |  0.9
Poison Magic   | |  0.9
Evocations     | |  2.7

Action                   |  1- 3 |  4- 6 || total
-------------------------+-------+-------++-------
Melee: Dagger            |   223 |     9 ||   232
       Bite              |    24 |       ||    24
       Kick              |     8 |     3 ||    11
       Punch             |     2 |       ||     2
  Use: Scroll            |     4 |       ||     4
       Potion            |     1 |       ||     1
  Eat: Ration            |     1 |       ||     1
Armor: Ring mail         |    62 |     3 ||    65
Dodge: Dodged            |    70 |     3 ||    73
